 Dungeon Crawl Stone Soup version 0.20.1-1-g8b1a95d (webtiles) character file.

359 fino the Skirmisher (level 6, -3/40 HPs)
             Began as a Gargoyle Fighter on Sept 12, 2017.
             Slain by a mummy (12 damage)
             ... in an ossuary.
             The game lasted 00:05:50 (2566 turns).

fino the Skirmisher (Gargoyle Fighter)              Turns: 2566, Time: 00:05:51

Health: -3/40      AC: 17    Str: 27    XL:     6   Next: 65%
Magic:  6/6        EV:  5    Int:  8    God:
Gold:   95         SH: 10    Dex:  9    Spells: 5/5 levels left

rFire    . . .     SeeInvis .   a - +0 flail
rCold    . . .     Gourm    .   c - +0 shield
rNeg     + . .     Faith    .   k - +0 plate armour
rPois    ∞         Spirit   .   (no helmet)
rElec    +         Reflect  .   (no cloak)
rCorr    .         Harm     .   (no gloves)
MR       .....                  r - +0 pair of boots
Stlth    ..........             (no amulet)
Regen    0.2/turn               (no ring)
MPRegen  0.1/turn               (no ring)

@: mighty
A: negative energy resistance 1, electricity resistance, unbreathing,
petrification resistance, rot immunity, AC +4
a: no special abilities


You were in an ossuary.
You were not hungry.

You visited 1 branch of the dungeon, and saw 4 of its levels.
You also visited: Ossuary.

You collected 95 gold pieces.

Inventory:

Hand Weapons
 a - a +0 flail (weapon)
Armour
 c - a +0 shield (worn)
 k - a +0 plate armour (worn)
 r - a +0 pair of boots (worn)
Scrolls
 h - a scroll of fear {unknown}
 i - 2 scrolls of teleportation {unknown}
 j - a scroll of enchant armour {unknown}
 l - 6 scrolls of identify {unknown}
 o - 3 scrolls of fog {unknown}
 p - 2 scrolls of magic mapping {unknown}
 t - 3 scrolls of amnesia {unknown}
 u - a scroll of remove curse {unknown}
Potions
 e - a potion of haste {unknown}
 m - a potion of magic {unknown}
 n - 3 potions of heal wounds {unknown}
Comestibles
 f - 5 bread rations
 s - a meat ration


   Skills:
 + Level 5.0 Fighting
 + Level 3.8 Maces & Flails
 + Level 4.7 Armour
 + Level 4.8 Shields


You had 5 spell levels left.
You didn't know any spells.

Dungeon Overview and Level Annotations

Branches:
Dungeon (4/15)
 Temple: D:4-7

Altars:
Cheibriados
Kikubaaqudgha
Qazlal

Annotations:
D:4 Menkaure


Innate Abilities, Weirdness & Mutations

You are resistant to torment.
Your stone body is resilient. (AC +4)
You are immune to poison.
You resist negative energy. (rN+)
You are resistant to electric shocks. (rElec)
You can survive without breathing.
You are immune to petrification.
You are immune to rotting.


Message History

You sock the mummy!
You destroy the mummy!
Your Fighting skill increases to level 5!
You block the mummy's attack.
The kobold zombie hits you but does no damage.
You block the mummy's attack.
You closely miss the mummy. The mummy hits you!
The kobold zombie barely misses you. The mummy hits you.
You hit the mummy.
The mummy is moderately damaged.
The mummy hits you but does no damage. You block the mummy's attack.
You block the kobold zombie's attack. The mummy hits you.
* * * LOW HITPOINT WARNING * * *
Your plate armour prevents you from hitting the mummy.
The mummy is moderately damaged.
The mummy hits you.
* * * LOW HITPOINT WARNING * * *
The kobold zombie hits you but does no damage.
The mummy hits you!
You die...

#....#
#....#
#....#
#....#
#....#
#....#
#....#
#MZ..#
#M@M.#
######


You could see 3 mummies and a kobold zombie.

Vanquished Creatures
  A centaur (D:3)
  An orc priest (D:4)
  3 orc wizards
  A worker ant (D:4)
  A mummy (Ossuary)
  6 adders
  2 dart slugs
  4 leopard geckos
  3 orcs (D:4)
  8 bats
  5 giant cockroaches
  3 goblins
  4 hobgoblins
  11 jackals
  6 kobolds
  2 ball pythons (D:3)
  3 frilled lizards
  3 hobgoblin zombies (Ossuary)
  4 orc zombies (Ossuary)
  6 rats
  2 rat zombies (D:2)
79 creatures vanquished.

Notes
Turn   | Place    | Note
-------+----------+-------------------------------------------
     0 | D:1      | fino the Gargoyle Fighter began the quest for the Orb.
     0 | D:1      | Reached XP level 1. HP: 14/14 MP: 1/1
   104 | D:1      | Reached XP level 2. HP: 19/19 MP: 2/2
   670 | D:2      | Reached XP level 3. HP: 23/23 MP: 3/3
  1340 | D:2      | Reached XP level 4. HP: 29/29 MP: 4/4
  1405 | D:2      | Found an ancient bone altar of Kikubaaqudgha.
  1493 | D:3      | Found a faded altar of an unknown god.
  1537 | D:3      | Noticed a centaur
  1548 | D:3      | Killed a centaur
  1548 | D:3      | Reached skill level 4 in Fighting
  1548 | D:3      | Reached XP level 5. HP: 26/33 MP: 5/5
  1827 | D:3      | Found a snail-covered altar of Cheibriados.
  1993 | D:3      | Reached XP level 6. HP: 31/39 MP: 6/6
  2097 | D:4      | Found a stormy altar of Qazlal.
  2187 | D:4      | Noticed Menkaure
  2498 | D:4      | Found a sand-covered staircase.
  2507 | Ossuary  | Entered an ossuary
  2563 | Ossuary  | Reached skill level 5 in Fighting
  2566 | Ossuary  | Slain by a mummy

Skill      XL: |  1  2  3  4  5  6 |
---------------+-------------------+-----
Shields        | 4 |  4.8
Armour         | 4 |  4.7
Fighting       | 4 5 |  5.0
Maces & Flails | 3 |  3.8

Action                   |  1- 3 |  4- 6 || total
-------------------------+-------+-------++-------
Melee: Flail             |   149 |   196 ||   345
  Use: Potion            |       |     2 ||     2
  Eat: Chunk             |     2 |     3 ||     5
       Royal jelly       |       |     1 ||     1
Armor: Scale mail        |     8 |       ||     8
       Plate armour      |   112 |   159 ||   271
Dodge: Dodged            |    21 |    37 ||    58
Block: Shield            |    75 |   132 ||   207
